 Dungeon Crawl Stone Soup version 0.25.1-2-g60ff931df9 (webtiles) character file.

Game seed: 3102808659707984187

107 hawla the Stinger (level 4, -5/33 HPs)
             Began as a Draconian Venom Mage on Nov 16, 2020.
             Killed by divine providence
             ... invoked by an orc priest
              (14 damage)
             ... on level 3 of the Dungeon.
             The game lasted 00:07:57 (3334 turns).

hawla the Stinger (Draconian Venom Mage)            Turns: 3334, Time: 00:07:57

Health: -5/33      AC:  7    Str: 10    XL:     4   Next: 56%
Magic:  0/8        EV: 12    Int: 17    God:
Gold:   137        SH:  0    Dex: 11    Spells: 2/9 levels left

rFire    . . .     SeeInvis .   (no weapon)
rCold    . . .     Gourm    .   (no shield)
rNeg     . . .     Faith    .   (armour unavailable)
rPois    .         Spirit   .   (helmet restricted)
rElec    .         Reflect  .   (no cloak)
rCorr    .         Harm     .   k - +1 pair of gloves
MR       .....                  (no boots)
Stlth    ++........             (no amulet)
HPRegen  0.11/turn              (no ring)
MPRegen  0.11/turn              (no ring)

@: very slightly contaminated
A: unfitting armour, cold-blooded, AC +5
a: no special abilities


You were on level 3 of the Dungeon.
You were not hungry.

You visited 1 branch of the dungeon, and saw 3 of its levels.

You collected 137 gold pieces.

Inventory:

Hand Weapons
 m - a +1 short sword of venom
Armour
 k - a +1 pair of gloves (worn)
Jewellery
 l - an uncursed ring of ice
Scrolls
 e - 3 scrolls of teleportation
 f - a scroll of fog
 i - a scroll of identify
 n - 2 scrolls of fear {unknown}
 o - a scroll of remove curse {unknown}
Potions
 a - a potion of invisibility
 c - 3 potions of might {unknown}
 d - a potion of flight
 g - 2 potions of curing {unknown}
 h - a potion of berserk rage {unknown}
 j - a potion of stabbing {unknown}
Comestibles
 b - 8 rations
 p - 3 chunks of flesh


   Skills:
 - Level 1.7 Dodging
 - Level 1.7 Stealth
 + Level 3.0 Spellcasting
 - Level 1.3 Transmutations
 - Level 1.9 Air Magic
 + Level 4.0 Poison Magic


You had 2 spell levels left.
You knew the following spells:

 Your Spells              Type           Power        Failure   Level  Hunger
a - Sting                 Tmut/Pois      ##..         6%          1    None
b - Poisonous Vapours     Pois/Air       ##....       8%          2    ##.....
c - Olgreb's Toxic Radia  Pois           ###.....     32%         4    ####...

Your spell library contained the following spells:

 Spells                   Type           Power        Failure   Level  Hunger
 Mephitic Cloud           Conj/Pois/Air  #.......     22%         3    ###....
 Ignite Poison            Fire/Tmut/Pois #.......     26%         3    ###....


Dungeon Overview and Level Annotations

Branches:
Dungeon (3/15)

Altars:
Fedhas
Kikubaaqudgha
Makhleb
Qazlal
Trog
Yredelemnul


Innate Abilities, Weirdness & Mutations

Your plain brown scales are hard. (AC +5)
You cannot fit into any form of body armour.
You are cold-blooded and may be slowed by cold attacks.


Message History

There isn't anything here!
Casting: Poisonous Vapours (safe; 8% risk of failure)
Confirm with . or Enter, or press ? or * to list all spells.
The spell is extremely dangerous to cast (32% risk of failure)!
Continue anyway?
You miscast Olgreb's Toxic Radiance.
You are very lightly contaminated with residual magic.
Nothing appears to happen.
Casting: Olgreb's Toxic Radiance (extremely dangerous; 32% risk of failure)
Confirm with . or Enter, or press ? or * to list all spells.
The spell is extremely dangerous to cast (32% risk of failure)!
Continue anyway?
You miscast Olgreb's Toxic Radiance.
Nothing appears to happen.
The orc priest calls down the wrath of Beogh upon you.
Beogh smites you!
* * * LOW HITPOINT WARNING * * *
An orc comes into view. It is wielding a +0 club.
Your +1 short sword of venom stops dripping with poison.
You are now empty-handed.
The orc priest invokes the aid of Beogh against you.
Beogh smites you!
You die...

#.# #.#(.......
#.#####...###....
#........## #))##
#######..####....
########..##...รท..
#.........##.###..
#.######.....# #..
#.# #####.###.# #@#
####)....# #.#
#..<...### #o#
#.####.# #o# #.#
#.# #.# #.# #.# o.#
#.# #.# ### #.# #.#
########.## #.###
#.........# #....


You could see an orc priest and 2 orcs.

Vanquished Creatures
  A hound skeleton (D:3)
  2 adders
  An ooze (D:3)
  A worm (D:2)
  2 dart slugs (D:1)
  A leopard gecko (D:1)
  6 orcs (D:3)
  6 giant cockroaches
  3 hobgoblins
  4 jackals (D:2)
  5 kobolds
  9 bats
  4 frilled lizards
  8 goblins
  4 rats
57 creatures vanquished.

Notes
Turn   | Place    | Note
-------+----------+-------------------------------------------
     0 | D:1      | hawla the Draconian Venom Mage began the quest for the Orb.
     0 | D:1      | Reached XP level 1. HP: 14/14 MP: 3/3
   177 | D:1      | Reached XP level 2. HP: 14/20 MP: 0/5
   181 | D:1      | Learned a level 2 spell: Poisonous Vapours
  1172 | D:2      | Reached XP level 3. HP: 26/26 MP: 0/6
  1183 | D:2      | Reached skill level 1 in Air Magic
  1492 | D:2      | Found an ancient bone altar of Kikubaaqudgha.
  1492 | D:2      | Found a bloodstained altar of Trog.
  1495 | D:2      | Found a basalt altar of Yredelemnul.
  1504 | D:2      | Found a burning altar of Makhleb.
  1677 | D:2      | Found a stormy altar of Qazlal.
  1740 | D:2      | Noticed a water elemental
  1740 | D:2      | Noticed an air elemental
  1741 | D:2      | Noticed a fire elemental
  1741 | D:2      | Noticed an earth elemental
  2506 | D:3      | Reached XP level 4. HP: 33/33 MP: 3/8
  2948 | D:3      | Learned a level 4 spell: Olgreb's Toxic Radiance
  3113 | D:3      | Found a blossoming altar of Fedhas.
  3149 | D:3      | Reached skill level 4 in Poison Magic
  3334 | D:3      | Killed from afar by an orc priest

Illustrated notes

Levels and vault maps discovered:
D:1:      lightli_arrival_quake, layout_loops_cross
D:2:      layout_basic, nicolae_qazlal_style_of_elements,
          nicolae_overflow_quartered_altars, first_ration
D:3:      layout_loops_ring, fedhas_altar_4

Skill      XL: |  1  2  3  4 |
---------------+-------------+-----
Air Magic      | 1 |  1.9
Spellcasting   | 3 |  3.0
Poison Magic   | 4 |  4.0
Dodging        | |  1.7
Stealth        | |  1.7
Transmutations | |  1.3

Action                   |  1- 3 |  4- 6 || total
-------------------------+-------+-------++-------
Melee: Unarmed           |    37 |     3 ||    40
       Tailslap          |     2 |     3 ||     5
       Short sword       |       |    12 ||    12
 Cast: Sting             |    32 |    10 ||    42
       Poisonous Vapours |    31 |    10 ||    41
  Use: Scroll            |     8 |       ||     8
  Eat: Chunk             |     7 |     4 ||    11
Armor: Skin              |    38 |     7 ||    45
Dodge: Dodged            |    65 |    24 ||    89
